AoeStats
← harooooo

Arabia

507739276Analyzed
1v1 RM · 13d ago on Sep 19, 2026· 23m 48s· 2 players
Game mode
Random Map
Map size
Tiny (2 player)
Population
200
Speed
Normal
Resources
Standard
Victory
Conquest
Starting age
Dark Age
Ending age
Imperial Age
RankedLock teamsTeams togetherTeam positionsShared explorationLock speedFull tech treeHidden civsTurbo modeCheats
Victory
Defeat
🇹🇷 Tupi · Türkiye
2176
+6
🇧🇦 Inca · Bosnia & Herzegovina
1938
-6
harooooo
6:18 Loom
8:36 Feudal Age
8:54 Champi Runner
8:59 Champi Runner
9:43 Double-Bit Axe
14:07 Fletching
20:33 Castle Age
20:03 Padded Archer Armor
21:05 Wheelbarrow
21:48 Bow Saw
21:35 Elite Skirmisher
22:15 Horse Collar
22:45 Bodkin Arrow
Barış Manço
1:31 Loom
8:14 Loom
10:30 Feudal Age
14:55 Castle Age
17:11 Double-Bit Axe
21:25 Fletching
22:37 Bodkin Arrow
Connection lost

Rejoining the realm…

Still unreachable

The connection could not be restored.

Session expired

The server has moved on; the page needs a fresh start.